 Dungeon Crawl Stone Soup version 0.28-a0-1429-gf3d713df7a (webtiles) character file.

Game seed: 14958795261700923414

562 avis the Firebug (level 7, -1/48 HPs)
             Began as an Octopode Cinder Acolyte on Jan 9, 2022.
             Was a High Priest of Ignis.
             Slain by Duvessa (6 damage)
             ... on level 5 of the Dungeon.
             The game lasted 00:23:33 (5025 turns).

avis the Firebug (Octopode Cinder Acolyte)          Turns: 5025, Time: 00:23:34

Health: -1/48      AC:  8    Str: 14    XL:     7   Next: 32%
Magic:  2/10       EV: 12    Int: 16    God:    Ignis [*****.]
Gold:   155        SH:  0    Dex:  9    Spells: 8/10 levels left

rFire   + . .      SeeInvis .   a - +3 whip (venom)
rCold   . . .      Faith    .   (no shield)
rNeg    . . .      Spirit   .   (helmet restricted)
rPois   .          Reflect  .   (no amulet)
rElec   .          Harm     .   (no ring)
rCorr   .          Rampage  .   (no ring)
Will    .....                   (no ring)
Stlth   +++.......              (no ring)
HPRegen 0.16/turn               (no ring)
MPRegen 0.12/turn               (no ring)
                                (no ring)
                                (no ring)

@: fiery-armoured, very slightly contaminated
A: almost no armour, amphibious, 8 rings, camouflage 1, gelatinous body 1,
(nimble swimmer 1), tentacles
a: Renounce Religion, Fiery Armour, Foxfire Swarm, Rising Flame


You were on level 5 of the Dungeon.
You worshipped Ignis.
Ignis was extremely pleased with you.
You visited 1 branch of the dungeon, and saw 5 of its levels.

You collected 155 gold pieces.

Inventory:

Hand Weapons
 a - a +3 whip of venom (weapon)
 b - a +1 hunting sling of freezing
 w - a +2 whip of flaming
Missiles
 f - 44 sling bullets
 i - 13 bolts
 j - 128 stones
 k - 8 javelins
 l - 38 poisoned darts (quivered)
 s - a throwing net
Armour
 g - an orb of wrath
Magical Staves
 o - a staff of conjuration
Scrolls
 c - a scroll of teleportation
 e - 2 scrolls of enchant armour
 n - 5 scrolls of identify
 p - a scroll of immolation {unknown}
 q - a scroll of vulnerability
Potions
 d - a potion of mutation
 h - a potion of curing
 m - a potion of haste {unknown}
 r - a potion of ambrosia {unknown}


   Skills:
 - Level 4.0 Fighting
 * Level 4.7 Maces & Flails
 - Level 3.0 Stealth
 - Level 3.0 Unarmed Combat
 - Level 2.0 Spellcasting
 - Level 5.0 Fire Magic


You had 8 spell levels left.
You knew the following spells:

 Your Spells              Type           Power      Damage    Failure   Level
a - Scorch                Fire           34%        2d6       4%          2

Your spell library contained the following spells:

 Spells                   Type           Power      Damage    Failure   Level
 Tukima's Dance           Hex            1%         N/A       52%         3
 Fulminant Prism          Conj/Hex       0%         3d6       90%         4
 Iskenderun's Mystic Bla  Conj/Tloc      1%         2d3       90%         4
 Passage of Golubria      Tloc           1%         N/A       90%         4
 Lee's Rapid Deconstruct  Erth           0%         3d5*      99%         5
 Yara's Violent Unravell  Hex/Tmut       0%         3d3       99%         5


Dungeon Overview and Level Annotations

Branches:
Dungeon (5/15)
 Temple: D:4-7

Altars:
Hepliaklqana
Uskayaw

Annotations:
D:5 1 transporter, Destinykillz's ghost, novice FoFi; Dowan; Duvessa


Innate Abilities, Weirdness & Mutations

You cannot wear most types of armour.
You are amphibious.
You can wear up to eight rings at the same time.
Your skin changes colour to match your surroundings (Stealth+).
Your rubbery body absorbs attacks. (AC +1, EV +1)
((You are camouflaged when in or above water. (Stealth+)))
You have tentacles for arms and can constrict up to eight enemies at once.


Message History

Flames lash Dowan.
Dowan is moderately wounded.
Dowan's fire resistance burns away.
Duvessa closely misses you.
Casting: Scorch (safe; 4% risk of failure)
Confirm with . or Enter, or press ? or * to list all spells.
Flames lash Dowan.
Dowan is burned terribly!
Dowan is severely wounded.
Duvessa barely misses you.
Casting: Scorch (safe; 4% risk of failure)
Confirm with . or Enter, or press ? or * to list all spells.
Flames lash Duvessa but do no damage.
Dowan gestures at Duvessa while chanting.
Duvessa seems to speed up.
Duvessa hits you with a +0 short sword.
Duvessa is burned by your cloak of flames.
Duvessa is moderately wounded.
You hit Duvessa. You grab Duvessa.
Duvessa is moderately wounded.
You constrict Duvessa, but do no damage.
Duvessa gestures with her weapon.
Duvessa hits you with a +0 short sword!
* * * LOW HITPOINT WARNING * * *
Duvessa is burned by your cloak of flames.
Duvessa is heavily wounded.
You hit Duvessa but do no damage.
Duvessa looks even sicker.
You squeeze Duvessa!
Duvessa is severely wounded.
You constrict Duvessa, but do no damage.
Duvessa hits you but does no damage.
Duvessa is burned by your cloak of flames.
Duvessa is almost dead.
Casting: Scorch (safe; 4% risk of failure)
Confirm with . or Enter, or press ? or * to list all spells.
You miscast Scorch.
You are very lightly contaminated with residual magic.
Nothing appears to happen.
You constrict Duvessa, but do no damage.
Duvessa hits you with a +0 short sword!
* * * LOW HITPOINT WARNING * * *
Duvessa hits you with a +0 short sword.
You die...

#.#..##... ......#...........
..#..########... #...........
#.#............###....)......
#.....########...........###
#.....########.#####.........
#..............# #.###.###.
#.....######...# #.# ..
#...#.# #...######.# .#
#.#.#.# #.....@ee..# #
#.###.# #.########.# # ... #.
.... ..# #. ?##.# ### #. #.
.# #. #.# . #.#######.#####
#......<.......
###############


You could see Duvessa (fast, very poisoned) and Dowan (combustible).

Vanquished Creatures
  A scorpion (D:4)
  A gnoll sergeant (D:5)
  A howler monkey (D:5)
  A hound (D:4)
  An orc priest (D:4)
  A centaur skeleton (D:4)
  3 iguanas
  Robin (D:3)
  9 gnolls
  A howler monkey skeleton (D:4)
  3 adders
  An adder skeleton (D:4)
  3 worms
  2 dart slugs
  4 orcs
  3 ball pythons
  4 bats
  9 endoplasms
  A giant cockroach (D:1)
  16 goblins
  13 hobgoblins
  4 jackals (D:2)
  3 kobolds
  3 quokkas
  2 frilled lizards
  5 rats
96 creatures vanquished.

Notes
Turn   | Place    | Note
-------+----------+-------------------------------------------
     0 | D:1      | avis the Octopode Cinder Acolyte began the quest for the
                  | Orb.
     0 | D:1      | Reached XP level 1. HP: 16/16 MP: 2/2
    36 | D:1      | Reached skill level 1 in Stealth
    96 | D:1      | Reached XP level 2. HP: 21/21 MP: 3/3
  1034 | D:2      | Reached XP level 3. HP: 26/26 MP: 5/5
  1037 | D:2      | Learned a level 2 spell: Scorch
  1527 | D:2      | Found a faded altar of an unknown god.
  1813 | D:2      | Reached XP level 4. HP: 12/33 MP: 7/7
  2616 | D:3      | Reached XP level 5. HP: 37/37 MP: 5/8
  2746 | D:3      | Noticed Robin
  2747 | D:3      | Reached skill level 4 in Fire Magic
  2754 | D:3      | Killed Robin
  2756 | D:3      | Reached skill level 1 in Maces & Flails
  3832 | D:4      | Reached XP level 6. HP: 43/43 MP: 5/9
  4371 | D:4      | Reached skill level 5 in Fire Magic
  4508 | D:4      | Found a hazy altar of Hepliaklqana.
  4566 | D:5      | Entered Level 5 of the Dungeon
  4786 | D:5      | Reached XP level 7. HP: 48/48 MP: 5/10
  4844 | D:5      | Found a hide-covered altar of Uskayaw.
  4867 | D:5      | Found a transporter.
  4870 | D:5      | Noticed Destinykillz's ghost (novice FoFi)
  4995 | D:5      | Noticed Duvessa
  4997 | D:5      | Noticed Dowan
  5025 | D:5      | Slain by Duvessa

Illustrated notes

Levels and vault maps discovered:
D:1:      dpeg_arrival_renting, layout_loops_ring
D:2:      layout_basic, dilly_ecumenical_altar_fadedgnrine
D:3:      layout_basic, uniq_robin
D:4:      kennysheep_big_flooded_room, layout_loops_ring,
          nzn_hepliaklqana_mist_gate
D:5:      layout_basic, nicolae_uskayaw_murder_on_the_dancefloor,
          minmay_temple_entry_statues_pillars, gammafunk_ghost_mausoleum,
          uniq_duvessa, uniq_blork_the_orc, uniq_edmund, uniq_grinder,
          uniq_crazy_yiuf_cottage

Skill      XL: |  1  2  3  4  5  6  7 |
---------------+----------------------+-----
Stealth        | 2 3 |  3.0
Spellcasting   | 2 |  2.0
Fighting       | 4 |  4.0
Fire Magic     | 4 5 |  5.0
Maces & Flails | 2 3 4 |  4.7
Unarmed Combat | |  3.0

Action                   |  1- 3 |  4- 6 |  7- 9 || total
-------------------------+-------+-------+-------++-------
Melee: Unarmed           |    71 |       |       ||    71
       Tentacles         |    20 |    16 |     7 ||    43
       Constrict         |    18 |    20 |     5 ||    43
       Punch             |     2 |     5 |     1 ||     8
       Whip              |    10 |    71 |    19 ||   100
 Fire: Hunting sling     |       |    34 |       ||    34
 Cast: Scorch            |     4 |    20 |     5 ||    29
Invok: Fiery Armour      |       |     2 |     1 ||     3
  Use: Scroll            |       |     6 |       ||     6
       Potion            |       |     3 |       ||     3
 Stab: Sleeping          |     7 |     5 |     2 ||    14
Armor: Skin              |    10 |    12 |     1 ||    23
Dodge: Dodged            |    41 |    48 |     8 ||    97

Table legend: (Time is in decaauts)
 A = Elapsed time spent in this place.
 B = Non-inter-level travel time spent in this place.
 C = Inter-level travel time spent in this place.
 D = Time resting spent in this place.
 E = Time spent auto-exploring this place.
 F = Levels seen in this place.
 G = Mean time per level.
                   A        B        C        D        E       F      G
               +--------+--------+--------+--------+--------+-----+--------+
         Total |   5026 |   4662 |    364 |   1470 |   2194 |   5 | 1005.2 |
       Dungeon |   5026 |   4662 |    364 |   1470 |   2194 |   5 | 1005.2 |
               +--------+--------+--------+--------+--------+-----+--------+

Top non-repeatable levels by time:
     D:2: 1344 daAuts
     D:4: 1324 daAuts
     D:3: 1210 daAuts
     D:1: 911 daAuts
     D:5: 235 daAuts
